Workbook
Name Bond_rating: Data!$M$31:$N$36
Name Econ_chart: Data!$J$13:$N$19
Name Econ_level: Data!$J$22:$J$28
Name Invest_option: Data!$Q$31:$Q$32
Name Land_Builds: Data!$B$13:$F$18
Name Mil_Buildings: Data!$T$3:$T$7
Name MilitaryB_cost: Data!$T$4:$U$7
Name Naval_builds: Data!$B$23:$G$28
Name Ship_size: Data!$B$32:$J$37
Name Ship_types: Data!$B$31:$B$37
Name ShipQlookup: Data!$B$40:$C$45
Name Weapon_Quality: Data!$D$2:$D$8
Name Yes_No: Data!$B$4:$B$6

Sheet Econ
A1: Economía
B2: V2.1
A3: País | B3: Gran Bretaña | G3: Año: | H3: 1894
A4: Población (millones) | B4: 33.89 | C4: (4 millones de Irladeses) | G4: Crec: | H4: Normal
A5: Población Tasable (millones): | B5: =B4-Militar!P12 -> 27.99
A6: Nivel Económico (I.D.H): | B6: Próspero
A7: Ingresos: | G7: Creditos en Vigor | I7: 0
A8: Nacionales: | B8: =(VLOOKUP(B6,Econ_chart,5,FALSE))*B5 -> 265.905 | G8: Pago de Intereses | I8: =I7*J13 -> 0
A9: Colonial/Ferrocarril | B9: =Colonias!C7+Ferrocarriles!D1 -> 287 | H9: Total | I9: =SUM(I7:I8) -> 0
A10: Saldo anterior presupuesto: | B10: 22
A11: Mantenimiento: | B11: =Militar!O12 -> 184
J12: Intereses
G13: Calif. Deuda: | I13: A | J13: 0.15
A15: Balance Neto | B15: =B8+B9+B10-B11 -> 390.905
A18: Recursos
B20: Industria | C20: Comida | D20: Mat Primas | E20: Exóticos | F20: Carbón | G20: Hierro | I20: Tabla de precios
A21: Nacional | B21: 24 | C21: 5 | D21: 4 | E21: 0 | F21: 3 | G21: 2 | K21: Mercado Mundial | M21: Mercado Cautivo
A22: Ultramar | B22: 5 | C22: 0 | D22: 2 | E22: 6 | F22: 0 | G22: 0 | J22: Base $ | K22: Compra | L22: Venta | M22: Compra | N22: Venta
A23: Producción Total: | B23: =SUM(B21:B22) -> 29 | C23: =SUM(C21:C22) -> 5 | D23: =SUM(D21:D22) -> 6 | E23: =SUM(E21:E22) -> 6 | F23: =SUM(F21:F22) -> 3 | G23: =SUM(G21:G22) -> 2 | I23: Bienes | J23: 24 | K23: =J23+(J23*0.3) -> 31.2 | L23: =J23-(J23*0.3) -> 16.8 | M23: =J23-(J23*0.2) -> 19.2 | N23: =J23+(J23*0.2) -> 28.8
A24: Necesidades: | B24: =B4/(VLOOKUP(B6,Econ_chart,2,FALSE)) -> 6.1618182 | C24: =ROUNDUP(B4/(VLOOKUP(B6,Econ_chart,3,FALSE)),0) -> 16 | D24: 0 | E24: =ROUNDUP(B4/(VLOOKUP(B6,Econ_chart,4,FALSE)),0) -> 6 | F24: 0 | G24: 0 | I24: Comida | J24: 10 | K24: =J24+(J24*0.3) -> 13 | L24: =J24-(J24*0.3) -> 7 | M24: =J24-(J24*0.2) -> 8 | N24: =J24+(J24*0.2) -> 12
A25: Balance: | B25: =-B24 -> -6.1618182 | C25: =C21-C24 -> -11 | D25: =D23 -> 6 | E25: =E23-E24 -> 0 | F25: =F23 -> 3 | G25: =G23 -> 2 | I25: Exóticos | J25: 11 | K25: =J25+(J25*0.3) -> 14.3 | L25: =J25-(J25*0.3) -> 7.7 | M25: =J25-(J25*0.2) -> 8.8 | N25: =J25+(J25*0.2) -> 13.2
A26: 2 Exóticos en Nigeria, 2 en Jamaica, 1 en Kenia y otro en Malasia | I26: Mat. Primas | J26: 10 | K26: =J26+(J26*0.3) -> 13 | L26: =J26-(J26*0.3) -> 7 | M26: =J26-(J26*0.2) -> 8 | N26: =J26+(J26*0.2) -> 12
A27: 2 Industrias en Canada, 1 en India, Australia y El Cabo. | I27: Carbón | J27: 10 | K27: =J27+(J27*0.3) -> 13 | L27: =J27-(J27*0.3) -> 7 | M27: =J27-(J27*0.2) -> 8 | N27: =J27+(J27*0.2) -> 12
A28: 2 Materias primas en India | I28: Hierro | J28: 10 | K28: =J28+(J28*0.3) -> 13 | L28: =J28-(J28*0.3) -> 7 | M28: =J28-(J28*0.2) -> 8 | N28: =J28+(J28*0.2) -> 12
I29: Petroleo* | J29: 10 | K29: =J29+(J29*0.3) -> 13 | L29: =J29-(J29*0.3) -> 7 | M29: =J29-(J29*0.2) -> 8 | N29: =J29+(J29*0.2) -> 12 | O29: * - No disponible hasta 1905
A31: Recursos en Mercados Cautivos | B31: =Colonias!D6 -> Bienes | C31: =Colonias!E6 -> Comida | D31: =Colonias!F6 -> Mat Primas | E31: =Colonias!G6 -> Exóticos | F31: =Colonias!H6 -> Carbón | G31: =Colonias!I6 -> Hierro
A32: Les compramos | B32: =SUM(Colonias!D7) -> 1 | C32: =SUM(Colonias!E7) -> 7 | D32: =SUM(Colonias!F7) -> 14 | E32: =SUM(Colonias!G7) -> 7 | F32: 4 | G32: =SUM(Colonias!I7) -> 2
A33: Les vendemos | B33: =Colonias!K7 -> 17 | C33: =Colonias!L7 -> 0 | D33: =Colonias!M7 -> 1 | E33: =Colonias!N7 -> 0 | F33: =Colonias!O7 -> 0 | G33: =Colonias!P7 -> 0
A34: Compras no cubiertas | B34: =B32-J61 -> 1 | C34: =C32-K61 -> 7 | D34: =D32-L61 -> 14 | E34: =E32-M61 -> 7 | F34: =F32-N61 -> 4 | G34: =G32-O61 -> 2 | H34: No factorizado automáticamente - deberá ser adquirido en la linea correspondiente de comercio.
A35: Ventas no cubiertas | B35: =B33-B61 -> 17 | C35: =C33-C61 -> 0 | D35: =D33-D61 -> 1 | E35: =E33-E61 -> 0 | F35: =F33-F61 -> 0 | G35: =G33-G61 -> 0 | H35: Si el valor es distinto de cero la demanda no habrá sido cubierta resultando en problemas políticos y/o posibles contracciones del mercado.
A37: Comercio y producción
B39: (Exportaciones/Ventas/Envíos) | J39: (Importaciones/Compras/Recepciones)
A40: País | B40: Bienes | C40: Comida | D40: Mat Primas | E40: Exóticos | F40: Carbón | G40: Hierro | H40: Efectivo | J40: Bienes | K40: Comida | L40: Mat Primas | M40: Exóticos | N40: Carbón | O40: Hierro | P40: Efectivo
A41: Rumania (hasta 1898) | H41: 10 | K41: 1
A43: Suecia (hasta 1896) | E43: 1 | P43: 11
A44: Guatemala (hasta 1898) | H44: 10 | K44: 1
A45: Brasil (hasta 1896) | H45: 10 | L45: 1
A46: Venezuela (hasta 1898) | H46: 10 | L46: 1
A47: Imp Otomano (hasta 1896) | E47: 1 | P47: 11
A48: Peru (hasta 1896) | H48: 10 | O48: 1
A49: Siam (1896) | B49: 1 | P49: 24
A61: Mercados Cautivos | H61: =-((J61*M23)+(K61*M24)+(L61*M26)+(M61*M25)+(N61*M27)+(O61*M28)) -> 0 | P61: =(B61*N23)+(C61*N24)+(D61*N26)+(E61*N25)+(F61*N27)+(G61*N28) -> 0
A62: Mercado Mundial | H62: =-((J62*K23)+(K62*K24)+(L62*K26)+(M62*K25)+(N62*K27)+(O62*K28)) -> 0 | P62: =-((B62*L23)+(C62*L24)+(D62*L26)+(E62*L25)+(F62*L27)+(G62*L28)) -> 0
A63: Total | B63: =SUM(B41:B62) -> 1 | C63: =SUM(C41:C62) -> 0 | D63: =SUM(D41:D62) -> 0 | E63: =SUM(E41:E62) -> 2 | F63: =SUM(F41:F62) -> 0 | G63: =SUM(G41:G62) -> 0 | H63: =SUM(H61:H62)-SUM(H41:H60) -> -50 | I63: Total | J63: =SUM(J41:J62) -> 0 | K63: =SUM(K41:K62) -> 2 | L63: =SUM(L41:L62) -> 2 | M63: =SUM(M41:M62) -> 0 | N63: =SUM(N41:N62) -> 0 | O63: =SUM(O41:O62) -> 1 | P63: =SUM(P41:P61)-P62 -> 46
B65: =Colonias!D74 -> 0 | C65: =Colonias!E74 -> 0 | D65: =Colonias!F74 -> 0 | E65: =Colonias!G74 -> 0 | F65: =Colonias!H74 -> 0 | G65: =Colonias!I74 -> 0 | H65: Balance
A66: Balance de recursos | B66: =B25-B63+J63 -> -7.1618182 | C66: =C25-C63+K63 -> -9 | D66: =D25-D63+L63 -> 8 | E66: =E25-E63+M63 -> -2 | F66: =F25-F63+N63 -> 3 | G66: =G25-G63+O63 -> 3 | H66: =B15+H63+P63 -> 386.905
A69: Producción de Bienes | B69: Bienes/IP | C69: Comida | D69: Mat Primas | E69: Exóticos | F69: Carbón | G69: Hierro | H69: Efectivo | I69: Industria
A70: Usando 1 Ind + 1 Mat Prima | D70: =B70 -> 0 | I70: =B70 -> 0
A71: Usando 2 Ind + 1 Carbón + 1 Hiero | F71: =B71 -> 0 | G71: =B71 -> 0 | I71: =B71*2 -> 0
A72: 1 Industria Pesada (IP) = 1 Ind+1 Hierro+ 1 Carbón | F72: =B72 -> 0 | G72: =B72 -> 0 | I72: =B72 -> 0
A73: Exóticos = 1 Ind + 6 $ | E73: 0 | H73: =E73*6 -> 0 | I73: =E73 -> 0
A74: Balance | B74: =B66+B70+(B71*2) -> -7.1618182 | C74: =C66 -> -9 | D74: =D66-D70 -> 8 | E74: =E73+E66 -> -2 | F74: =F66-F71-F72 -> 3 | G74: =G66-G71-G72 -> 3 | H74: =H66-H73 -> 386.905 | I74: =B23-I70-I71-I72-I73 -> 29
A76: Gastos
A78: Inversiones en recursos
A79: Inversión | B79: Coste | C79: % Base | D79: ¿Invertir? | E79: % Increm. | F79: Probabilidad de éxito | G79: Coste | H79: ¿FFCC?
A81: Industria | B81: 100 | C81: 0 | D81: No | E81: =IF(H81="Si",0.4,0.33) -> 0.33 | F81: =IF(D81="Si",(IF((C81+E81)>1,1,(C81+E81)))," ") | G81: =IF(D81="Continue",5,(IF(D81="Si",(IF((C81+E81)>1,5,B81))," "))) | H81: No
A82: Carbón | B82: 60 | C82: 0 | D82: No | E82: =IF(H82="Si",0.4,0.33) -> 0.33 | F82: =IF(D82="Si",(IF((C82+E82)>1,1,(C82+E82)))," ") | G82: =IF(D82="Continue",5,(IF(D82="Si",(IF((C82+E82)>1,5,B82))," "))) | H82: No
A83: Hierro | B83: 70 | C83: 0 | D83: No | E83: =IF(H83="Si",0.4,0.33) -> 0.33 | F83: =IF(D83="Si",(IF((C83+E83)>1,1,(C83+E83)))," ") | G83: =IF(D83="Continue",5,(IF(D83="Si",(IF((C83+E83)>1,5,B83))," "))) | H83: No
A84: Mat Primas | B84: 65 | C84: 0 | D84: No | E84: =IF(H84="Si",0.4,0.33) -> 0.33 | F84: =IF(D84="Si",(IF((C84+E84)>1,1,(C84+E84)))," ") | G84: =IF(D84="Continue",5,(IF(D84="Si",(IF((C84+E84)>1,5,B84))," "))) | H84: No
B85: =IF(A85="","",VLOOKUP(A85,Colonias!$B$37:$E$64,4,FALSE)) | C85: =IF(A85="",0,VLOOKUP(A85,Colonias!$B$37:$F$64,5,FALSE)) -> 0 | D85: No | E85: =IF(H85="Si",0.4,0.33) -> 0.33 | F85: =IF(D85="Si",(IF((C85+E85)>1,1,(C85+E85)))," ") | G85: =IF(D85="Continue",5,(IF(D85="Si",(IF((C85+E85)>1,5,B85))," "))) | H85: =IF(A85="","No",VLOOKUP(A85,Colonias!$B$37:$G$64,6,FALSE)) -> No
B86: =IF(A86="","",VLOOKUP(A86,Colonias!$B$37:$E$64,4,FALSE)) | C86: =IF(A86="",0,VLOOKUP(A86,Colonias!$B$37:$F$64,5,FALSE)) -> 0 | D86: No | E86: =IF(H86="Si",0.4,0.33) -> 0.33 | F86: =IF(D86="Si",(IF((C86+E86)>1,1,(C86+E86)))," ") | G86: =IF(D86="Continue",5,(IF(D86="Si",(IF((C86+E86)>1,5,B86))," "))) | H86: =IF(A86="","No",VLOOKUP(A86,Colonias!$B$37:$G$64,6,FALSE)) -> No
B87: =IF(A87="","",VLOOKUP(A87,Colonias!$B$37:$E$64,4,FALSE)) | C87: =IF(A87="",0,VLOOKUP(A87,Colonias!$B$37:$F$64,5,FALSE)) -> 0 | D87: No | E87: =IF(H87="Si",0.4,0.33) -> 0.33 | F87: =IF(D87="Si",(IF((C87+E87)>1,1,(C87+E87)))," ") | G87: =IF(D87="Continue",5,(IF(D87="Si",(IF((C87+E87)>1,5,B87))," "))) | H87: =IF(A87="","No",VLOOKUP(A87,Colonias!$B$37:$G$64,6,FALSE)) -> No
B88: =IF(A88="","",VLOOKUP(A88,Colonias!$B$37:$E$64,4,FALSE)) | C88: =IF(A88="",0,VLOOKUP(A88,Colonias!$B$37:$F$64,5,FALSE)) -> 0 | D88: No | E88: =IF(H88="Si",0.4,0.33) -> 0.33 | F88: =IF(D88="Si",(IF((C88+E88)>1,1,(C88+E88)))," ") | G88: =IF(D88="Continue",5,(IF(D88="Si",(IF((C88+E88)>1,5,B88))," "))) | H88: =IF(A88="","No",VLOOKUP(A88,Colonias!$B$37:$G$64,6,FALSE)) -> No
B89: =IF(A89="","",VLOOKUP(A89,Colonias!$B$37:$E$64,4,FALSE)) | C89: =IF(A89="",0,VLOOKUP(A89,Colonias!$B$37:$F$64,5,FALSE)) -> 0 | D89: No | E89: =IF(H89="Si",0.4,0.33) -> 0.33 | F89: =IF(D89="Si",(IF((C89+E89)>1,1,(C89+E89)))," ") | G89: =IF(D89="Continue",5,(IF(D89="Si",(IF((C89+E89)>1,5,B89))," "))) | H89: =IF(A89="","No",VLOOKUP(A89,Colonias!$B$37:$G$64,6,FALSE)) -> No
F90: Total | G90: =SUM(G81:G89) -> 0
A91: Inversiones infraestructuras
A92: FFCC | B92: Coste | C92: Años | D92: ¿Invertir? | E92: IP | F92: Coste
B93: =IF(A93="","",VLOOKUP(A93,Ferrocarriles!$F$5:$H$13,2,FALSE)) | C93: =IF(A93="","",VLOOKUP(A93,Ferrocarriles!$F$5:$H$13,3,FALSE)) | D93: No | E93: =IF(D93="Si",1,0) -> 0 | F93: =IF(D93="Si",B93,0) -> 0
B94: =IF(A94="","",VLOOKUP(A94,Ferrocarriles!$F$5:$H$13,2,FALSE)) | C94: =IF(A94="","",VLOOKUP(A94,Ferrocarriles!$F$5:$H$13,3,FALSE)) | D94: No | E94: =IF(D94="Si",1,0) -> 0 | F94: =IF(D94="Si",B94,0) -> 0
B95: =IF(A95="","",VLOOKUP(A95,Ferrocarriles!$F$5:$H$13,2,FALSE)) | C95: =IF(A95="","",VLOOKUP(A95,Ferrocarriles!$F$5:$H$13,3,FALSE)) | D95: No | E95: =IF(D95="Si",1,0) -> 0 | F95: =IF(D95="Si",B95,0) -> 0
B96: =IF(A96="","",VLOOKUP(A96,Ferrocarriles!$F$5:$H$13,2,FALSE)) | C96: =IF(A96="","",VLOOKUP(A96,Ferrocarriles!$F$5:$H$13,3,FALSE)) | D96: No | E96: =IF(D96="Si",1,0) -> 0 | F96: =IF(D96="Si",B96,0) -> 0
D97: Total | E97: =SUM(E93:E96) -> 0 | F97: =SUM(F93:F96) -> 0
E98: =IF(E97>B72,"Need to build more HI points to complete this investment(s)"," ")
A100: Inversiones otros paises (Necesario el permiso del país soberano)
A101: País/Inversión | B101: Coste | F101: Coste | G101: FFCC
F102: =B102 -> 0 | G102: No
F103: =B103 -> 0 | G103: No
F104: =B104 -> 0 | G104: No
F105: =B105 -> 0 | G105: No
E106: Total: | F106: =SUM(F102:F105) -> 0
A108: Investigaciones tecnológicas
C109: Inicio | E109: Fin
A110: Tecnología | B110: Coste | C110: % | D110: ¿Invertir? | E110: % | F110: Coste
A111: (AL) Armas Ligeras D | B111: 30 | C111: 0 | D111: No | E111: =IF(D111="Si",(C111+0.2),IF(D111="Continue",(C111)," ")) | F111: =IF(D111="Si",B111,IF(D111="Continue",5,""))
A112: (AM) Ametralladoras D | B112: 30 | C112: 0 | D112: No | E112: =IF(D112="Si",(C112+0.2),IF(D112="Continue",(C112)," ")) | F112: =IF(D112="Si",B112,IF(D112="Continue",5,""))
A113: (AC) Artillería de Campaña D | B113: 30 | C113: 0 | D113: No | E113: =IF(D113="Si",(C113+0.2),IF(D113="Continue",(C113)," ")) | F113: =IF(D113="Si",B113,IF(D113="Continue",5,""))
A114: (AA) Artilería de Asedio D | B114: 30 | C114: 0 | D114: No | E114: =IF(D114="Si",(C114+0.2),IF(D114="Continue",(C114)," ")) | F114: =IF(D114="Si",B114,IF(D114="Continue",5,""))
A115: (Ac) Acorazados B | B115: 40 | C115: 0 | D115: No | E115: =IF(D115="Si",(C115+0.2),IF(D115="Continue",(C115)," ")) | F115: =IF(D115="Si",B115,IF(D115="Continue",5,""))
A116: (Cr) Cruceros C | B116: 40 | C116: 0.4 | D116: No | E116: =IF(D116="Si",(C116+0.2),IF(D116="Continue",(C116)," ")) | F116: =IF(D116="Si",B116,IF(D116="Continue",5,""))
A117: (BM) Buques Menores C | B117: 30 | C117: 0 | D117: No | E117: =IF(D117="Si",(C117+0.2),IF(D117="Continue",(C117)," ")) | F117: =IF(D117="Si",B117,IF(D117="Continue",5,""))
A118: (Su) Submarinos D | B118: 40 | C118: 0 | D118: No | E118: =IF(D118="Si",(C118+0.2),IF(D118="Continue",(C118)," ")) | F118: =IF(D118="Si",B118,IF(D118="Continue",5,"")) | G118: =IF(D118="Continue","New roll to complete investment at current %"," ")
A119: Sintéticos I | B119: 40 | C119: 0 | D119: No | E119: =IF(D119="Si",(C119+0.2),IF(D119="Continue",(C119)," ")) | F119: =IF(D119="Si",B119,IF(D119="Continue",5,""))
E120: Total | F120: =SUM(F111:F118) -> 0
E121: Balance efectivo | F121: =H74-G90-F106-F120-F97 -> 386.905
A123: Construcción de armamento y unidades militares
A124: IP Disponible | B124: =B72-E97 -> 0 | D124: Efectivo | E124: =F121 -> 386.905
B125: =IF(B124<0,"Not enough HI ava"," ")
B126: IP
A127: Ejercito | B127: 0
A128: Marina | B128: 0
...

Sheet Militar
A2: Información Militar
A5: Info Ejército
B6: Inf Reg | C6: Tec | D6: Inf res | E6: Tec | F6: AM | G6: Tec | H6: AC | I6: Tec | J6: AA | K6: Tec | N6: Total Mantenimiento Militar:
A7: Localización | O7: Coste | P7: Fza Lab
A8: Gran Bretaña | B8: 4 | C8: E | D8: 10 | E8: E | F8: 3 | G8: E | H8: 3 | I8: E | J8: 1 | K8: E | N8: Ejerc | P8: =B37/1000000 -> 4.4
A9: Canada | B9: 2 | C9: E | F9: 2 | G9: E | H9: 1 | I9: E | J9: 0 | N9: Marina | O9: =B65 -> 75 | P9: =B66 -> 1.5
A10: Australia | B10: 1 | C10: E
A11: India | B11: 3 | C11: E | H11: 1 | I11: E | N11: Instalaciones | O11: =B102 -> 109
A12: El Cabo | B12: 1 | C12: E | N12: Total | O12: =SUM(O9:O11) -> 184 | P12: =P8+P9 -> 5.9
A13: Gibraltar | B13: 5000 Men
A14: Malta | B14: 5000 Men
A15: Port Said | B15: 5000 Men
A16: Hong Kong | B16: 5000 Men | M16: Tropas Commonwealth:
A17: Singapur | B17: 5000 Men | C17: E | M17: Location: | N17: Regular | O17: Reserva | P17: Training Efficiency
M19: Canada | N19: 3(E) | O19: 5(E) | P19: Sobre la media
M20: Australia | N20: 2(E) | O20: 2(E) | P20: Media
M21: New Zealand | N21: 1(E) | O21: 1(E) | P21: Media
M22: India Gurkhas | N22: 2(E) | P22: Sobre la media
M23: India Reg | N23: 6(E) | O23: 10(F) | P23: Bajo la media
M24: Hannover | N24: 1(E) | O24: 1(E) | P24: Media
A25: Total | B25: =SUM(B8:B24) -> 11 | D25: =SUM(D8:D24) -> 10 | F25: =SUM(F8:F24) -> 5 | H25: =SUM(H8:H24) -> 5 | J25: =SUM(J8:J24) -> 1
A28: Eficiencia Militar | B28: Sobre la media | F28: Coste de Entrenamiento Ejército: | G28: =B25+D25+H25+J25 -> 27 | I28: Balance | J28: =Econ!G204 -> 386.905
A29: Cuerpo Voluntarios: | B29: Si
A30: Mobilization: | B30: 6 sem | E30: Entrenamiento Ejercito
E31: País | H31: Coste | I31: Notas
B34: Fza Laboral
A35: Regulares | B35: =(B25+H25+J25)*200000 -> 3400000
A36: Reserva | B36: =D25*100000 -> 1000000 | G36: Total | H36: =SUM(H32:H35) -> 0
A37: Total | B37: =SUM(B35:B36) -> 4400000
G39: Costes de mobilización anual
G40: Inf | H40: AC | I40: AA | J40: AM
F41: Guerra Total | G41: 4 | H41: 8 | I41: 16 | J41: 1
F42: Conflicto Transfonterizo | G42: 8 | H42: 16 | I42: 32 | J42: 2
F43: Expediciones coloniales | G43: 16 | H43: 32 | I43: 48 | J43: 4
A47: Info Naval
A48: Localización | B48: Ac | C48: Tec | D48: Cr | E48: Tec | F48: Su | G48: Tec | H48: Destruc | I48: Tec | J48: Cañonera | K48: Tec | L48: Transporte
A50: Home Fleet | B50: 17 | C50: E | D50: 10 | E50: E | H50: 16 | I50: E | L50: 4
A51: Home Fleet II | D51: 10 | E51: D | M51: Disponible a lo largo del año
A52: Mediterraneo | B52: 4 | C52: E | D52: 12 | E52: E | H52: 16 | I52: E | J52: 2 | K52: E
A53: Indico | B53: 2 | C53: E | D53: 6 | E53: E | H53: 12 | I53: E | J53: 4 | K53: E | L53: 2
A54: Caribe | B54: 1 | D54: 3 | E54: E | H54: 5 | I54: E
A55: Australia | D55: 2 | E55: E | H55: 6 | I55: E | L55: 1
A56: Hong Kong | B56: 2 | C56: E | D56: 4 | E56: E | H56: 6 | I56: E | J56: 8 | K56: E
A57: Atlantico Sur | D57: 3 | E57: E | H57: 4 | I57: E | J57: 2 | K57: E
A59: Total: | B59: =SUM(B50:B58) -> 26 | D59: =SUM(D50:D58) -> 50 | F59: =SUM(F50:F58) -> 0 | H59: =SUM(H50:H58) -> 65 | J59: =SUM(J50:J58) -> 16 | L59: =SUM(L50:L58) -> 7
A63: Eficiencia Militar | B63: Excelente | F63: Coste Entrenamiento Naval | G63: =B64*0.5 -> 149.5
A64: Modulos Navales | B64: =(B59*4)+(D59*2)+(F59*2)+(H59*1)+(J59*1)+(L59*2) -> 299
A65: Mant. Marina | B65: =ROUNDUP((B64/20)*5,0) -> 75 | E65: Entrenamiento Marina
A66: Fza Laboral | B66: =ROUNDUP((B64/20)*0.1,2) -> 1.5 | C66: (million) | E66: Pais | H66: Coste | I66: Notas
G71: Total | H71: =SUM(H67:H70) -> 0
G72: Balance | H72: =J28-H36-H71 -> 386.905
A75: Info Inst Militares
A76: Puertos | B76: Cantidad | C76: Coste | D76: Localización
A77: Metropoli | B77: 8 | D77: Plymouth, London, Belfast, Liverpool, Glasgow, Newcastle, Scapa Flow, Dublin
A78: Otros | B78: 35 | C78: =B78 -> 35 | D78: Atlantico Norte: St. John (Newfoundland), Halifax, Bermuda
D79: Caribe: Kingston, Port Spain (Trinidad y Tobago)
D80: Atlantico Sur: Bathurst, Freetown, Gold Coast Castle, Cape Town, St. Helena
D81: Mediterraneo: Gibraltar, Malta, Alejandria, Port Said, Limasol (Chipre)
D82: Índico: Aden, Bahrein, Karachi, Bombay, Colombo, Madras, Calcuta, Rangoon, Durban, Mombasa, Zanzibar, Mauricio, Seychelles, Fremantle (Australia)
D83: Pacific: Singapur, Hong Kong, Darwin, Wellington, Auckland, Sydney
A86: Astilleros | B86: Cantidad | C86: Coste | D86: Localización
A87: Metropoli | B87: 16 | D87: 2 Astilleros por puerto en la Metrópoli
A88: Otros | B88: 6 | C88: =B88 -> 6 | D88: Atlantico Norte: St. John Newfoundland - (2), Halifax, Bermuda
D90: Índico: Bombai y Calcuta
D91: Pacífico: Sidney
A93: Fuertes | B93: Cantidad | C93: Coste | D93: Localización
B94: 20 | C94: =B94*2 -> 40 | D94: Plymouth, London, Hong Kong, Gold Coast Castle, Stanley, Freetown, Cape Town, Bermuda, Sydney, Mauritius, Belfast, Liverpool, Glasgow, Singapore, Thunder Bay, Vancouver, Kingston, St. Catherine’s Forge, Ottowa, Toronto (last 6 all in Canada)
A97: Fortalezas | B97: Cantidad | C97: Coste | D97: Localización
B98: 7 | C98: =B98*4 -> 28 | D98: Colombo (Sri Lanka), Malta, Gibraltar, Aden, Sault Ste. Marie, Montreal, Quebec (los 3 últimos en Canadá)
A102: Total: | B102: =C78+C88+C94+C98 -> 109
C105: End Cash | D105: =H72 -> 386.905

Sheet Colonias
B1: Colonias, Mercados e Inversiones Cautivas
B3: Mercados Cautivos
C5: Aportan | K5: Necesitan
C6: Efectivo | D6: Bienes | E6: Comida | F6: Mat Primas | G6: Exóticos | H6: Carbón | I6: Hierro | K6: Bienes | L6: Comida | M6: Mat Primas | N6: Exóticos | O6: Carbón | P6: Hierro
C7: =SUM(C11:C32) -> 287 | D7: =SUM(D11:D32) -> 1 | E7: =SUM(E11:E32) -> 7 | F7: =SUM(F11:F32) -> 14 | G7: =SUM(G11:G32) -> 7 | H7: =SUM(H11:H32) -> 3 | I7: =SUM(I11:I32) -> 2 | K7: =SUM(K11:K32) -> 17 | L7: =SUM(L11:L32) -> 0 | M7: =SUM(M11:M32) -> 1 | N7: =SUM(N11:N32) -> 0 | O7: =SUM(O11:O32) -> 0 | P7: =SUM(P11:P32) -> 0
C9: Dispone | K9: Necesita
C10: Efectivo | D10: Bienes | E10: Comida | F10: Mat Primas | G10: Exóticos | H10: Carbón | I10: Hierro | K10: Bienes | L10: Comida | M10: Mat Primas | N10: Exóticos | O10: Carbón | P10: Hierro
B11: India | C11: 125 | D11: 0 | E11: 0 | F11: 4 | G11: 5 | H11: 0 | I11: 0 | K11: 6 | L11: 0 | M11: 0 | N11: 0 | O11: 0 | P11: 0
B12: Canada | C12: 0 | D12: 0 | E12: 2 | F12: 0 | G12: 0 | H12: 0 | I12: 1 | K12: 0 | L12: 0 | M12: 0 | N12: 0 | O12: 0 | P12: 0
B13: Australia y NZ | C13: 0 | D13: 0 | E13: 3 | F13: 3 | G13: 0 | H13: 0 | I13: 0 | K13: 1 | L13: 0 | M13: 0 | N13: 0 | O13: 0 | P13: 0
B14: Hannover | C14: 0 | D14: 1 | E14: 1 | F14: 0 | G14: 0 | H14: 0 | I14: 0 | K14: 0 | L14: 0 | M14: 1 | N14: 0 | O14: 0 | P14: 0
B15: Jamaica | C15: 7 | D15: 0 | E15: 0 | F15: 0 | G15: 0 | H15: 0 | I15: 0 | K15: 1 | L15: 0 | M15: 0 | N15: 0 | O15: 0 | P15: 0
B16: Egipto | C16: 40 | D16: 0 | E16: 1 | F16: 3 | G16: 0 | H16: 0 | I16: 0 | K16: 1 | L16: 0 | M16: 0 | N16: 0 | O16: 0 | P16: 0
B17: Nigeria | C17: 15 | D17: 0 | E17: 0 | F17: 0 | G17: 0 | H17: 0 | I17: 0 | K17: 1 | L17: 0 | M17: 0 | N17: 0 | O17: 0 | P17: 0
B18: China | C18: 0 | D18: 0 | E18: 0 | F18: 3 | G18: 2 | H18: 3 | I18: 1 | K18: 7 | L18: 0 | M18: 0 | N18: 0 | O18: 0 | P18: 0
B19: Guyana/Honduras | C19: 5 | D19: 0 | E19: 0 | F19: 0 | G19: 0 | H19: 0 | I19: 0 | K19: 0 | L19: 0 | M19: 0 | N19: 0 | O19: 0 | P19: 0
B20: Ghana | C20: 5 | D20: 0 | E20: 0 | F20: 0 | G20: 0 | H20: 0 | I20: 0 | K20: 0 | L20: 0 | M20: 0 | N20: 0 | O20: 0 | P20: 0
B21: Sierra Leona | C21: 2 | D21: 0 | E21: 0 | F21: 0 | G21: 0 | H21: 0 | I21: 0 | K21: 0 | L21: 0 | M21: 0 | N21: 0 | O21: 0 | P21: 0
B22: Colonia del Cabo | C22: 31 | D22: 0 | E22: 0 | F22: 1 | G22: 0 | H22: 0 | I22: 0 | K22: 0 | L22: 0 | M22: 0 | N22: 0 | O22: 0 | P22: 0
... B32: Antillas Británicas | C32: 0 | D32: 0 | E32: 0 | F32: 0 | G32: 0 | H32: 0 | I32: 0 | K32: 0 | L32: 0 | M32: 0 | N32: 0 | O32: 0 | P32: 0
B35: Inversiones disponibles
B36: Descripción | C36: Pais | D36: Recurso | E36: Coste | F36: % | G36: FFCC
B37: =_xlfn.CONCAT(D37," en ",C37) -> Comida en Irlanda | C37: Irlanda | D37: Comida | E37: 60 | F37: 0 | G37: No
B38: =_xlfn.CONCAT(D38," en ",C38) -> Mat Primas 1 en India | C38: India | D38: Mat Primas 1 | E38: 55 | F38: 0 | G38: Si
B39: =_xlfn.CONCAT(D39," en ",C39) -> Mat Primas 2 en India | C39: India | D39: Mat Primas 2 | E39: 55 | F39: 0 | G39: Si
B40: =_xlfn.CONCAT(D40," en ",C40) -> Exótico 1 en India | C40: India | D40: Exótico 1 | E40: 55 | F40: 0 | G40: Si
B41: =_xlfn.CONCAT(D41," en ",C41) -> Exótico 2 en India | C41: India | D41: Exótico 2 | E41: 55 | F41: 0 | G41: Si
B42: =_xlfn.CONCAT(D42," en ",C42) -> Comida 1 en India | C42: India | D42: Comida 1 | E42: 60 | F42: 0 | G42: Si
B43: =_xlfn.CONCAT(D43," en ",C43) -> Comida 2 en India | C43: India | D43: Comida 2 | E43: 60 | F43: 0 | G43: Si
B44: =_xlfn.CONCAT(D44," en ",C44) -> Industria 1 en India | C44: India | D44: Industria 1 | E44: 85 | F44: 0 | G44: Si
B45: =_xlfn.CONCAT(D45," en ",C45) -> Industria 2 en India | C45: India | D45: Industria 2 | E45: 90 | F45: 0.73 | G45: Si
B46: =_xlfn.CONCAT(D46," en ",C46) -> Industria en Canada | C46: Canada | D46: Industria | E46: 80 | F46: 0 | G46: No
B47: =_xlfn.CONCAT(D47," en ",C47) -> Hierro 1 en Canada | C47: Canada | D47: Hierro 1 | E47: 60 | F47: 0 | G47: No
B48: =_xlfn.CONCAT(D48," en ",C48) -> Hierro 2 en Canada | C48: Canada | D48: Hierro 2 | E48: 60 | F48: 0 | G48: No
... B64: =_xlfn.CONCAT(D64," en ",C64) -> Exótico en Malasia | C64: Malasia | D64: Exótico | E64: 65 | F64: 0 | G64: No

Sheet Ferrocarriles
C1: Total | D1: =SUM(D4:D46) -> 0
A3: Existentes | F3: Disponibles
A4: Proyecto | D4: Ingresa | F4: Proyecto | G4: Coste | H4: Años
A5: Expansión India I | D5: 0 | F5: Expansión India II | G5: 45 | H5: 4
A6: Cabo-Gaborone | D6: 0 | F6: Expansión Canada Este | G6: 40 | H6: 2
A7: Gaborone-Bulawayo | D7: 0 | F7: Trans Canada | G7: 60 | H7: 3
F8: Trans Australia | G8: 60 | H8: 3
F9: Cairo-Asuan | G9: 60 | H9: 1 | I9: 2
F10: Lagos-Chad | G10: 35 | H10: 3
F11: Mombasa-Lago Victoria | G11: 45 | H11: 2
F12: Peking-Hankow | G12: 40 | H12: 2
F13: Canton-Hankow | G13: 45 | H13: 1 | I13: 3

Sheet Data
D1: Quality | I1: Land Build Cost | P1: Retool Cost | Q1: Total cost
J2: SA | K2: MG | L2: FA | M2: HA | N2: Count | O2: Retool(s) | T2: Military Installations
B3: Yes/No | D3: A | I3: Line 1 | J3: =IF(Econ!C135>0,(VLOOKUP(Econ!D135,Land_Builds,2)*Econ!C135),0) -> 0 | K3: =IF(Econ!E135>0,(VLOOKUP(Econ!F135,Land_Builds,3)*Econ!E135),0) -> 0 | L3: =IF(Econ!G135>0,(VLOOKUP(Econ!H135,Land_Builds,4)*Econ!G135),0) -> 0 | M3: =IF(Econ!I135>0,(VLOOKUP(Econ!J135,Land_Builds,5)*Econ!I135),0) -> 0 | N3: =COUNTIFS(J3:M3,">0") -> 0 | O3: =IF(N3>0,N3-1,0) -> 0 | P3: =O3*5 -> 0 | Q3: =J3+K3+L3+M3+P3 -> 0
D4: B | I4: Line 2 | J4: =IF(Econ!C136>0,(VLOOKUP(Econ!D136,Land_Builds,2)*Econ!C136),0) -> 0 | K4: =IF(Econ!E136>0,(VLOOKUP(Econ!F136,Land_Builds,3)*Econ!E136),0) -> 0 | L4: =IF(Econ!G136>0,(VLOOKUP(Econ!H136,Land_Builds,4)*Econ!G136),0) -> 0 | M4: =IF(Econ!I136>0,(VLOOKUP(Econ!J136,Land_Builds,5)*Econ!I136),0) -> 0 | N4: =COUNTIFS(J4:M4,">0") -> 0 | O4: =IF(N4>0,N4-1,0) -> 0 | P4: =O4*5 -> 0 | Q4: =J4+K4+L4+M4+P4 -> 0 | T4: Fuerte | U4: 20
B5: No | D5: C | I5: Line 3 | J5: =IF(Econ!C137>0,(VLOOKUP(Econ!D137,Land_Builds,2)*Econ!C137),0) -> 0 | K5: =IF(Econ!E137>0,(VLOOKUP(Econ!F137,Land_Builds,3)*Econ!E137),0) -> 0 | L5: =IF(Econ!G137>0,(VLOOKUP(Econ!H137,Land_Builds,4)*Econ!G137),0) -> 0 | M5: =IF(Econ!I137>0,(VLOOKUP(Econ!J137,Land_Builds,5)*Econ!I137),0) -> 0 | N5: =COUNTIFS(J5:M5,">0") -> 0 | O5: =IF(N5>0,N5-1,0) -> 0 | P5: =O5*5 -> 0 | Q5: =J5+K5+L5+M5+P5 -> 0 | T5: Fortaleza | U5: 30
B6: Si | D6: D | I6: Line 4 | J6: =IF(Econ!C138>0,(VLOOKUP(Econ!D138,Land_Builds,2)*Econ!C138),0) -> 0 | K6: =IF(Econ!E138>0,(VLOOKUP(Econ!F138,Land_Builds,3)*Econ!E138),0) -> 0 | L6: =IF(Econ!G138>0,(VLOOKUP(Econ!H138,Land_Builds,4)*Econ!G138),0) -> 0 | M6: =IF(Econ!I138>0,(VLOOKUP(Econ!J138,Land_Builds,5)*Econ!I138),0) -> 0 | N6: =COUNTIFS(J6:M6,">0") -> 0 | O6: =IF(N6>0,N6-1,0) -> 0 | P6: =O6*5 -> 0 | Q6: =J6+K6+L6+M6+P6 -> 0 | T6: Puerto | U6: 20
D7: E | T7: Astillero | U7: 5
D8: F
B11: Land Builds | J11: Economic System | Q11: Cost to recruit
B12: Quality | C12: SA | D12: MG | E12: FA | F12: HA | K12: Goods | L12: Food | M12: Tropical | N12: Income | P12: Pop: | Q12: =ROUNDUP(Econ!B4,0) -> 34
B13: A | C13: 4 | D13: 4 | E13: 8 | F13: 18 | J13: Boom | K13: 4.5 | L13: 2 | M13: 5 | N13: 13.5 | P13: Divs | Q13: =Militar!B25+Militar!D25+Militar!H25+Militar!J25 -> 27
B14: B | C14: 4 | D14: 4 | E14: 7 | F14: 16 | J14: Fallido | K14: 8 | L14: 3 | M14: 10 | N14: 3.5 | P14: 1.5 | Q14: =Q12*1.5 -> 51
B15: C | C15: 3 | D15: 3 | E15: 6 | F15: 14 | J15: Recesión | K15: 7.5 | L15: 2.75 | M15: 10 | N15: 5 | P15: Vol | Q15: =IF(Militar!B29="Yes",5,0) -> 0
B16: D | C16: 3 | D16: 3 | E16: 6 | F16: 12 | J16: Normal | K16: 6 | L16: 2.5 | M16: 7 | N16: 8 | P16: Inf cost | Q16: =IF(Q13>Q14,5,0) -> 0 | R16: =IF(Q13<Q12,-5,0) -> -5 | S16: =IF(Q13>(Q12*2),5,0) -> 0
B17: E | C17: 3 | D17: 3 | E17: 6 | F17: 12 | J17: Próspero | K17: 5.5 | L17: 2.25 | M17: 6 | N17: 9.5 | P17: Reg Troops | Q17: =10+Q15+Q16+R16 -> 5
B18: F | C18: 3 | D18: 3 | E18: 6 | F18: 12 | J18: Estancado | K18: 7 | L18: 2.75 | M18: 9 | N18: 6.5 | P18: Res Troops | Q18: =10+Q15+R16+S16 -> 5
J19: Exitoso | K19: 5 | L19: 2.25 | M19: 5 | N19: 11.5
B21: Naval Builds
B22: Quality | C22: GB | D22: DD | E22: CA | F22: Sub | G22: BB | J22: Fallido | M22: Investment Data
B23: A | C23: 3 | D23: 3 | E23: 6 | F23: 6 | G23: 10 | J23: Recesión
B24: B | C24: 3 | D24: 3 | E24: 5 | F24: 5 | G24: 8 | J24: Estancado | M24: =Econ!A81 -> Industria | O24: =Econ!C81+Econ!E81 -> 0.33 | P24: =IF(Econ!F81<1,1,((O24-1)/Econ!E81)) -> -2.030303 | Q24: =1-P24 -> 3.030303
B25: C | C25: 2 | D25: 2 | E25: 4 | F25: 4 | G25: 7 | J25: Normal | M25: =Econ!#REF! -> #REF! | O25: =Econ!#REF!+Econ!#REF! -> #REF! | P25: =IF(Econ!#REF!<1,1,((O25-1)/Econ!#REF!)) -> #REF! | Q25: =1-P25 -> #REF!
B26: D | C26: 2 | D26: 2 | E26: 4 | F26: 4 | G26: 6 | J26: Próspero | M26: =Econ!#REF! -> #REF! | O26: =Econ!#REF!+Econ!#REF! -> #REF! | P26: =IF(Econ!#REF!<1,1,((O26-1)/Econ!#REF!)) -> #REF! | Q26: =1-P26 -> #REF!
B27: E | C27: 2 | D27: 2 | E27: 4 | F27: 4 | G27: 6 | J27: Exitoso | M27: =Econ!#REF! -> #REF! | O27: =Econ!#REF!+Econ!#REF! -> #REF! | P27: =IF(Econ!#REF!<1,1,((O27-1)/Econ!#REF!)) -> #REF! | Q27: =1-P27 -> #REF!
B28: F | C28: 2 | D28: 2 | E28: 4 | F28: 4 | G28: 6 | J28: Boom | M28: =Econ!A84 -> Mat Primas | O28: =Econ!C84+Econ!E84 -> 0.33 | P28: =IF(Econ!F84<1,1,((O28-1)/Econ!E84)) -> -2.030303 | Q28: =1-P28 -> 3.030303
B30: Ship Types
C31: Ship Size | D31: TTC | E31: A | F31: B | G31: C | H31: D | I31: E | J31: F | M31: A | N31: 0.15 | Q31: No
B32: Acorazado | C32: 4 | D32: 4 | E32: 10 | F32: 8 | G32: 7 | H32: 6 | I32: 6 | J32: 6 | M32: B | N32: 0.2 | Q32: Si
B33: Crucero | C33: 2 | D33: 2 | E33: 6 | F33: 5 | G33: 4 | H33: 4 | I33: 4 | J33: 4 | M33: C | N33: 0.25
B34: Destructor | C34: 1 | D34: 1 | E34: 3 | F34: 3 | G34: 2 | H34: 2 | I34: 2 | J34: 2 | M34: D | N34: 0.3
B35: Cañonera | C35: 1 | D35: 1 | E35: 3 | F35: 3 | G35: 2 | H35: 2 | I35: 2 | J35: 2 | M35: E | N35: 0.35
B36: Submarino | C36: 2 | D36: 2 | E36: 6 | F36: 5 | G36: 4 | H36: 4 | I36: 4 | J36: 4 | M36: F | N36: 0.4
B37: Transporte | C37: 2 | D37: 2 | E37: 4 | F37: 4 | G37: 4 | H37: 4 | I37: 4 | J37: 4
D39: Line
B40: A | C40: 4 | D40: 1 | E40: =VLOOKUP(Econ!E153,ShipQlookup,2) -> #N/A
B41: B | C41: 5 | D41: 2 | E41: =VLOOKUP(Econ!E154,ShipQlookup,2) -> #N/A
B42: C | C42: 6 | D42: 3 | E42: =VLOOKUP(Econ!E154,ShipQlookup,2) -> #N/A
B43: D | C43: 7 | D43: 4 | E43: =VLOOKUP(Econ!E155,ShipQlookup,2) -> #N/A
B44: E | C44: 8 | D44: 5 | E44: =VLOOKUP(Econ!E156,ShipQlookup,2) -> #N/A
B45: F | C45: 9 | D45: 6 | E45: =VLOOKUP(Econ!E157,ShipQlookup,2) -> #N/A
D46: 7 | E46: =VLOOKUP(Econ!E158,ShipQlookup,2) -> #N/A
